Fleur, neutral female sylph Wizard ----------------------------------------------------------------------------- |...| ....^..|%%..>...<.... | | | | |...|...........---.|.--%--- ----------------------- --- | | ----- ----- | | |...|...|...|.|%|.|.|.|---------------------------| | | | | | t | | |..--.---...|.|%|...|.|| | & ' | t | | --------- ----- | --- | |...%.|.......|(....|.|| | ---------------------| | | | | | | | |.----|.--.------...--|| | | | V f | | | ----- | | | ----| --| |.....|...&...|.......|| | | }&};;}} | D | | | |^| | | | | | |-.-- |--........-.--.|| | | }}---}} |----------| | --- | | |-- | --- |-- | |.....|....`|.|.....|.|| | | }--^--} | a| @ | | | | | | |d| | | |..--------%|.|-.-..|.|| | | }|^V^|} |a | | |-- | | | | ---x| --- --| |...........|.|.....|.|| ---| ;--^--} |aa| | | | | | | |l L| T | | |...-------.|.|.----|.|| | }}---}}w|aa| | --| | -----E--------- | |^..|...|...|.|...|.|.|| | }}}};}} |aa| | | | | | m | | | |-.--.--|.--|.---.|.|.|| | |aa| ^ | |-- | | | | --- --- |-- | |.......|.|.|.. |.|.|.|---------------------------| | | | | | | | | | |...---.|.|.|.---.|.|.------------------------------- ----- ------- | | | | | |.....|..........................L@D.'. ^ O | | | ----------------------------------------------------------------------------- Fleur the Enchantress Experience level: 16 Strength: 15 Dexterity: 19 Constitution: 16 Intelligence: 19 Wisdom: 19 Charisma: 12 Health: 67(116) Energy: 203(219) Def: 9 Gold: 2848 Moves: 33589 Dungeon seed: A12zGEvgI0hCYdBL Game ID: Fleur_1522837784 Your Inventory: Coins $ - 2848 gold pieces Amulets i - a cursed amulet of restful sleep k - an uncursed amulet of reflection o - the blessed Eye of the Aethiopica v - an uncursed amulet of reflection (being worn) O - an uncursed amulet of magical breathing Weapons c - a +0 silver saber x - the rustproof +2 Magicbane (alternate weapon; not wielded) G - a rustproof +8 scimitar named Righteous Sword V - the blessed rustproof +5 Frost Brand (weapon in hand) Armor F - an uncursed rustproof +5 helm of brilliance Y - an uncursed burnt +1 pair of elven boots Comestibles a - an uncursed figue d - an uncursed tripe ration W - an uncursed apple X - an uncursed candy bar Z - 6 uncursed food rations Scrolls f - 3 uncursed scrolls of teleportation Spellbooks h - an uncursed spellbook of extra healing Potions g - an uncursed potion of gain level s - an uncursed potion of healing H - an uncursed potion of sleeping Rings A - a blessed +4 ring of increase damage (on right hand) J - an uncursed ring of free action (on left hand) Wands b - a wand of fire (0:5) j - a wand of digging (0:6) m - a wand of sleep (0:7) p - a wand of striking (0:3) P - a wand of cancellation (0:4) U - a wand of cancellation (0:7) Tools e - a +0 unicorn horn l - a blessed magic lamp (lit) q - an uncursed stethoscope w - an uncursed magic whistle z - a blessed bag of holding Gems r - an uncursed jade y - an uncursed opal R - a blessed luckstone Contents of the bag of holding: 9041 gold pieces an uncursed amulet of life saving an uncursed amulet of life saving an uncursed amulet of life saving an uncursed amulet of life saving an uncursed amulet of life saving an uncursed amulet of life saving the +0 Sting 4 uncursed food rations a wand of cold (0:6) a wand of cold (0:4) a wand of cold (0:4) a wand of create monster (0:12) a wand of digging (0:8) a wand of digging (0:7) a wand of digging (0:7) a cursed wand of digging (0:7) a wand of digging (0:4) a wand of digging (0:1) a wand of fire (0:2) a wand of lightning (0:5) a wand of magic missile (0:5) a wand of make invisible (0:5) a wand of nothing (0:4) a wand of polymorph (0:6) a wand of polymorph (0:5) a wand of probing (0:4) a wand of sleep (0:8) a wand of sleep (0:7) a wand of sleep (0:6) a wand of sleep (0:4) a wand of sleep (0:2) a cursed wand of speed monster (0:7) a wand of speed monster (0:6) a wand of striking (0:8) a wand of striking (0:6) a wand of striking (0:6) a wand of striking (0:5) a wand of striking (0:2) a wand of teleportation (0:4) a wand of undead turning (0:8) a wand of undead turning (0:5) 6 uncursed agates 5 uncursed ambers 6 uncursed amethysts an uncursed aquamarine an uncursed black opal 2 uncursed citrines an uncursed diamond an uncursed emerald 7 uncursed fluorites 2 uncursed jades 3 uncursed jaspers 3 uncursed jets an uncursed luckstone an uncursed obsidian 8 uncursed opals 2 uncursed rubies 4 uncursed sapphires 5 uncursed topazes 2 uncursed turquoises Spells and supernatural/magical abilities: Name Level Category Fail Memory a - force bolt 1 attack 0% 36% c - cause fear 3 enchantment 0% 82% d - dig 2 matter 0% 25% e - charm monster 5 enchantment 63% 70% f - fireball 4 attack 0% 16% h - healing 1* healing 0% 0% i - invisibility 4 escape 0% 48% k - knock 1 matter 0% 56% l - light 1 divination 0% 48% m - magic missile 2 attack 0% 36% n - detect monsters 1 divination 0% 81% o - cone of cold 4 attack 0% 16% p - protection 1 clerical 0% 56% r - remove curse 3 clerical 0% 48% s - slow monster 1* enchantment 0% 0% t - teleport away 6 escape 47% 65% u - confuse monster 2 enchantment 0% 48% w - wizard lock 2 matter 0% 82% x - extra healing 3 healing 0% 18% z - sleep 2 enchantment 0% 7% B - cure blindness 2* healing 0% 0% E - detect food 2 divination 0% 50% F - finger of death 7 attack 79% 32% G - detect treasure 4 divination 0% 21% H - haste self 3 escape 0% 56% I - identify 3 divination 0% 83% K - cure sickness 3 healing 0% 16% L - levitation 4 escape 0% 56% M - magic mapping 5 divination 0% 21% O - create monster 2 clerical 0% 65% P - polymorph 6 matter 47% 33% S - stone to flesh 3 healing 0% 71% W - pray for help -- divine ? -- Your skills at the end: Miscellaneous Skills wands [Skilled] Weapon Skills dagger [Basic] long sword [Basic] quarterstaff [Basic] Spellcasting Skills attack spells [Skilled] healing spells [Basic] divination spells [Skilled] enchantment spells [Basic] clerical spells [Skilled] escape spells [Skilled] matter spells [Skilled] Final Attributes: You were the Envoy of Balance. You were piously aligned. You were fire resistant. You were cold resistant. You were sleep resistant. You were shock resistant. You were poison resistant. You were magic-protected. You could recognize detrimental food. Your writing hand was a little cramped from use. You saw invisible. You were telepathic. You were warned. You had infravision. You were sensing the presence of monsters. You were invisible to others. You were displaced. You were somewhat stealthy. You had a +4 damage bonus. You were protected. You were protected from shape changers. You were fast. You had reflection. You had free action. You were extremely lucky. You had extra luck. Good luck did not time out for you. You are dead (2nd time!). Vanquished creatures: Asmodeus Yeenoghu Juiblex an ancient red dragon an ancient orange dragon 5 mammoths Vlad the Impaler Medusa 29 krakens 7 iron golems 2 master liches 3 gray dragons 5 red dragons 3 white dragons 3 black dragons a blue dragon 3 green dragons 2 yellow dragons 5 storm giants 2 titans 6 deep ettins a glass golem 2 balrogs 5 purple worms 16 minotaurs 4 jabberwocks The Dark One 2 baluchitheria 2 young gray dragons 2 young silver dragons 6 young red dragons 2 young white dragons 2 young orange dragons 3 young black dragons 2 young blue dragons 2 young green dragons 2 young yellow dragons 4 demiliches 4 stone golems 5 master mind flayers 11 Olog-hai a Nazgul 15 pit fiends 5 sandestins 2 titanotheres 7 trappers 2 baby green dragons a baby yellow dragon 3 gryphons 2 guardian nagas 7 disenchanters 22 vampire lords 6 shades 5 skeletons 3 shopkeepers 6 captains 7 liches 48 water trolls a clay golem 10 nurses 11 ice devils 2 nalfeshnees 3 lurkers above an Aleax 3 frost giants 2 black puddings 25 vampires 25 ghosts 6 ettins 10 lieutenants a queen bee 4 winged gargoyles 2 mind flayers 10 giant mimics 3 fire giants 2 ogre kings 6 Elvenkings an ice troll 5 rock trolls 6 umber hulks 2 flesh golems 10 doppelgangers 10 hezrous 24 bone devils a salamander 13 large mimics 5 wumpuses 4 fire vortices a baby long worm 7 long worms 36 couatls 11 stalkers 3 air elementals 2 fire elementals 2 earth elementals 33 water elementals 3 hill giants 8 giant mummies a black naga 15 elf-lords 11 xorns 15 giant zombies 5 sergeants a barbed devil 13 vrocks 11 wargs 2 winter wolves 2 hell hound pups 6 quantum mechanics 17 small mimics 7 island nymphs a glass piercer 5 warhorses 4 steam vortices 17 xans a baby gryphon 3 ettin mummies 8 ogre lords 14 trolls a sasquatch 2 wood golems 4 mariliths 35 electric eels 2 pyrolisks 3 large dogs 6 freezing spheres 10 flaming spheres 6 shocking spheres 3 large cats 2 tigers 6 gargoyles 7 dwarf kings 20 tengu 5 gelatinous cubes 7 ochre jellies 5 crocodiles 6 chameleons 8 leocrottas 4 energy vortices 7 mountain centaurs 5 giants 7 elf mummies 5 human mummies 5 red nagas a green slime 8 Grey-elves 5 pit vipers 3 pythons 11 cobras 49 wraiths 21 ettin zombies 4 leather golems 40 soldiers a horned devil 13 succubi 12 incubi 4 giant beetles 19 cockatrices 9 wolves 6 winter wolf cubs 26 black lights 7 lynxes a panther 22 gremlins 16 leprechauns 17 quivering blobs a spotted jelly 8 lizards 13 mountain nymphs 7 orc-captains 6 mumakil 7 giant spiders 10 scorpions 2 iron piercers 3 horses 5 ice vortices 77 vampire bats 8 forest centaurs 4 gnome kings 7 orc mummies a dwarf mummy 12 ogres 3 brown puddings 15 Green-elves 13 rust monsters 12 owlbears 7 yetis 3 gold golems 3 werewolves 14 piranhas 14 giant eels 12 chickatrices 3 dogs 5 dingos a housecat 8 jaguars 6 dwarf lords 7 blue jellies 10 water nymphs 6 white unicorns a gray unicorn 5 black unicorns 6 dust vortices 17 ravens 3 plains centaurs 7 gnome mummies 10 Woodland-elves 7 snakes 2 apes 15 human zombies 3 rope golems 6 soldier ants 7 fire ants 13 yellow lights 13 bugbears 8 imps 3 baby crocodiles 12 wood nymphs 20 Mordor orcs 35 Uruk-hai 8 orc shamans 2 rock moles 6 rock piercers a pony 5 fog clouds 7 shriekers 7 violet fungi 17 gnome lords 10 gnomish wizards 7 kobold mummies 2 red naga hatchlings 5 golden naga hatchlings 3 guardian naga hatchlings 10 gray oozes a barrow wight 16 elf zombies 8 ghouls 5 straw golems 8 paper golems 81 giant ants 2 puppies 9 floating eyes 3 kittens 21 dwarves 7 homunculi 9 quasits 8 kobold lords 6 kobold shamans 7 iguanas 45 hill orcs 18 rothes 7 rabid rats 2 centipedes 7 jitterbugs 12 giant bats 6 monkeys 11 orc zombies 12 dwarf zombies 2 werejackals 49 killer bees 4 coyotes 3 gas spores 8 hobbits 3 acid blobs 2 large kobolds 6 geckos 14 hobgoblins 13 giant rats 9 cave spiders a sylph 6 brown molds 9 yellow molds 6 green molds 4 red molds 34 gnomes 14 garter snakes 65 manes 12 gnome zombies 18 jackals 4 foxes 8 kobolds 11 newts 15 goblins 16 sewer rats 21 grid bugs 16 bats 15 lichens 21 kobold zombies 2558 creatures vanquished. Voluntary challenges: You were vegetarian. You had followed a strict vegan diet until turn 3885. You were not invisible. You used a wielded weapon 2048 times, starting on turn 35. You did not use sinks. You read items or engraved 483 times, starting on turn 1692. You never genocided any monsters. You polymorphed 1263 items, starting on turn 20091. You never changed form. You cheated 5 times but completed Sokoban on turn 10705. You used 2 wishes, starting on turn 11194. You did not wish for any artifacts. You never split a pudding. You wrote Elbereth's name 16 times, starting on turn 2571. You violated your moral code, losing 9 points of alignment, starting on turn 1212. Dungeon overview: The Dungeons of Doom: levels 1 to 30 Level 1 some fountains, a sink a long staircase Level 2 a general store, some fountains Level 3 a jewelry store Level 4 a fountain stairs to The Gnomish Mines Level 5 some fountains Level 6 a fountain stairs to Sokoban Level 7 Level 8 a sink Level 9 a temple to Thoth, some fountains Level 10 a general store, a fountain Level 11 an armor shop Level 12 a sink portal to The Quest Level 13 a potion shop Level 14 Level 15 a fountain Level 16 Level 17 some fountains Level 18 a fountain Level 19 some fountains Level 20 a fountain Level 21 an altar to Ptah, a fountain Level 22 a fountain, a sink Level 23 Level 24 some fountains Level 25 Level 26 Level 27 Level 28 Level 29 Level 30 a magic chest, some fountains, some thrones, a tree Gehennom: levels 31 to 50 Level 31 a temple to Moloch, a magic chest stairs to The Dungeons of Doom Level 32 Level 33 Level 34 an altar to Moloch, a magic chest, many fountains, many benchs, many trees Level 35 Level 36 a magic chest Level 37 Level 38 Level 39 some fountains Level 40 Level 41 Level 42 Level 43 a magic chest Level 44 some shops, an altar to Moloch, a magic chest stairs to Vlad's Tower Level 45 Level 46 Level 47 a magic chest Level 48 Level 49 <- You were here a magic portal Level 50 The Gnomish Mines: levels 5 to 13 Level 5 stairs to The Dungeons of Doom Level 6 Level 7 many shops, a temple to Thoth, a magic chest, some fountains Level 8 Level 9 Level 10 Level 11 Level 12 Level 13 some altars to Moloch, a magic chest, some fountains The Quest: levels 1 to 6 Level 1 a magic chest, a throne portal to The Dungeons of Doom Level 2 Level 3 Level 4 Level 5 Level 6 a temple to Ptah Sokoban: levels 2 to 5 Level 2 a magic chest Level 3 Level 4 Level 5 an altar to Thoth, a magic chest stairs to The Dungeons of Doom Vlad's Tower: levels 41 to 43 Level 41 a throne Level 42 an altar to Moloch Level 43 stairs to Gehennom History has recorded: On T:1 you entered the Dungeons of Doom to retrieve the Amulet of Yendor! On T:43 you reached level 2 of The Dungeons of Doom. On T:765 you reached level 3 of The Dungeons of Doom. On T:766 you advanced to experience level 2. On T:770 you prayed to Thoth. On T:947 you advanced to experience level 3. On T:985 you reached level 4 of The Dungeons of Doom. On T:1143 you advanced to experience level 4. On T:1164 you reached level 1 of The Gnomish Mines. On T:1227 you advanced to experience level 5. On T:1384 you reached level 2 of The Gnomish Mines. On T:1465 you reached level 3 of The Gnomish Mines. On T:1668 you prayed to Thoth. On T:1678 you entered the Minetown temple On T:1686 you opened a magic chest. On T:1726 you advanced to experience level 6. On T:2624 you prayed to Thoth. On T:2910 you reached level 5 of The Dungeons of Doom. On T:3134 you advanced to experience level 7. On T:3162 you received Magicbane from Thoth. On T:3424 you reached level 4 of The Gnomish Mines. On T:3572 you prayed to Thoth. On T:3822 you reached level 5 of The Gnomish Mines. On T:4332 you prayed to Thoth. On T:4451 you advanced to experience level 8. On T:4625 you reached level 6 of The Gnomish Mines. On T:4882 you reached level 7 of The Gnomish Mines. On T:4962 you reached level 8 of The Gnomish Mines. On T:4998 you reached level 9 of The Gnomish Mines. On T:4998 you reached the bottom of the Mines. On T:5021 you advanced to experience level 9. On T:6003 you prayed to Thoth. On T:6992 you prayed to Thoth. On T:7136 you advanced to experience level 10. On T:7787 you prayed to Thoth. On T:8311 you reached level 6 of The Dungeons of Doom. On T:8408 you reached level 7 of The Dungeons of Doom. On T:8570 you prayed to Thoth. On T:8631 you reached level 4 of Sokoban. On T:9052 you reached level 3 of Sokoban. On T:9225 you prayed to Thoth. On T:9547 you reached level 2 of Sokoban. On T:9991 you reached level 1 of Sokoban. On T:10407 you prayed to Thoth. On T:10705 you entered the Sokoban zoo. On T:11018 you received Frost Brand from Thoth. On T:11184 you prayed to Thoth. On T:11194 you wished for "blessed magic marker". On T:11445 you reached level 8 of The Dungeons of Doom. On T:11714 you reached level 9 of The Dungeons of Doom. On T:11734 you prayed to Thoth. On T:11985 you reached level 10 of The Dungeons of Doom. On T:12109 you reached level 11 of The Dungeons of Doom. On T:12248 you reached level 12 of The Dungeons of Doom. On T:12523 you reached level 1 of The Quest. On T:12771 you advanced to experience level 11. On T:12914 you reached level 13 of The Dungeons of Doom. On T:12986 you prayed to Thoth. On T:13045 you reached level 14 of The Dungeons of Doom. On T:13123 you reached level 15 of The Dungeons of Doom. On T:13392 you reached level 16 of The Dungeons of Doom. On T:13392 you entered the Rogue tribute level. On T:13648 you reached level 17 of The Dungeons of Doom. On T:13727 you reached level 18 of The Dungeons of Doom. On T:13815 you prayed to Thoth. On T:13933 you reached level 19 of The Dungeons of Doom. On T:14067 you advanced to experience level 12. On T:14233 you reached level 20 of The Dungeons of Doom. On T:14322 you reached level 21 of The Dungeons of Doom. On T:14503 you reached level 22 of The Dungeons of Doom. On T:14873 you reached level 23 of The Dungeons of Doom. On T:14926 you reached level 24 of The Dungeons of Doom. On T:15013 you advanced to experience level 13. On T:15117 you reached level 25 of The Dungeons of Doom. On T:15352 you prayed to Thoth. On T:15838 you prayed to Thoth. On T:15880 you advanced to experience level 14. On T:16124 you embarked upon an epic quest. On T:16137 you reached level 2 of The Quest. On T:16239 you reached level 3 of The Quest. On T:16713 you reached level 4 of The Quest. On T:16922 you reached level 5 of The Quest. On T:17002 you reached level 6 of The Quest. On T:17252 you killed Dark One on level 6 of The Quest. On T:17430 you completed the quest! On T:17568 you prayed to Thoth. On T:19276 you were saved from death by your amulet of life saving! On T:19640 you prayed to Thoth. On T:19671 you prayed to Thoth. On T:19784 you prayed to Thoth. On T:19824 you prayed to Thoth. On T:19929 you prayed to Thoth. On T:19932 you were named as the Envoy of Balance! On T:20593 you wished for "amulet of reflection". On T:20949 you killed Medusa on level 25 of The Dungeons of Doom. On T:20956 you reached level 26 of The Dungeons of Doom. On T:21214 you reached level 27 of The Dungeons of Doom. On T:21456 you reached level 28 of The Dungeons of Doom. On T:22090 you reached level 29 of The Dungeons of Doom. On T:22341 you reached The Castle. On T:23744 you reached The Valley of the Dead. On T:24309 you reached level 2 of Gehennom. On T:24533 you reached level 3 of Gehennom. On T:24699 you advanced to experience level 15. On T:24903 you reached level 4 of Gehennom. On T:25102 you reached level 5 of Gehennom. On T:25493 you reached level 6 of Gehennom. On T:25765 you reached level 7 of Gehennom. On T:25966 you reached level 8 of Gehennom. On T:26062 you killed Asmodeus on level 7 of Gehennom. On T:26477 you prayed to Thoth. On T:26858 you reached level 9 of Gehennom. On T:27039 you killed Juiblex on level 9 of Gehennom. On T:27109 you reached level 10 of Gehennom. On T:27303 you reached level 11 of Gehennom. On T:27428 you reached level 13 of Gehennom. On T:27435 you reached level 14 of Gehennom. On T:27452 you reached level 3 of Vlad's Tower. On T:27553 you reached level 2 of Vlad's Tower. On T:27695 you reached level 1 of Vlad's Tower. On T:28430 you killed Yeenoghu on level 13 of Gehennom. On T:28546 you reached level 12 of Gehennom. On T:29805 you prayed to Thoth. On T:30565 you reached level 16 of Gehennom. On T:30600 you reached level 17 of Gehennom. On T:30746 you reached level 15 of Gehennom. On T:31853 you advanced to experience level 16. On T:32012 you reached level 20 of Gehennom. On T:32026 you reached level 19 of Gehennom. On T:32030 you reached level 18 of Gehennom. Score breakdown: Gold: 11889 ( 1188 points) Experience: 16 levels ( 1500 points) Exploration: 50 levels ( 1470 points) Discoveries: 209 items ( 2000 points) Variety of kills: 288 monsters ( 2000 points) Major goal: finished the Quest ( 2000 points) Survival: died (score multiplied by 3) Total score: 30474 Latest messages: You destroy the invisible wraith! You have a little trouble lifting p - a wand of striking. There are several more objects here. You have a little trouble lifting $ - 1094 gold pieces. You stop running. The master lich bumps right into you! The ice-cold blade freezes the ancient black dragon! The ancient black dragon bites! Your cloak of protection disintegrates! The ancient black dragon claws you! (2x) Never mind. You fail to cast the spell correctly. The ancient black dragon bites! Your Hawaiian shirt disintegrates! The ancient black dragon claws you! (2x) The master lich drinks a potion of gain level! The master lich seems more experienced. You fail to cast the spell correctly. The ancient black dragon bites! Final status: Goodbye Fleur the Wizard, disintegrated by an ancient black dragon... You disintegrated in Gehennom on dungeon level 49 with 30474 points, and 11889 pieces of gold, after 33589 moves. You were level 16 with a maximum of 116 hit points when you disintegrated.